AoeStats
← 杰哥真棒

Arena

510719096Analyzed
4v4 RM · 1d ago on Oct 2, 2026· 62m 32s· 8 players
Game mode
Random Map
Map size
Large (8 player)
Population
200
Speed
Normal
Resources
Standard
Victory
Conquest
Starting age
Dark Age
Ending age
Imperial Age
RankedLock teamsTeams togetherTeam positionsShared explorationLock speedFull tech treeHidden civsTurbo modeCheats
Victory
Defeat
🇨🇳 Franks · China
927
+12
🇨🇳 Bulgarians · China
924
+12
🇩🇪 Khmer · Germany
900
+13
🇨🇳 Persians · China
827
+16
🇹🇷 Gurjaras · Türkiye
881
-15
🇸🇦 Spanish · Saudi Arabia
817
-13
🇪🇸 Mongols · Spain
816
-13
🇷🇴 Franks · Romania
810
-12
xTc
9:34 Feudal Age
15:24 Castle Age
16:03 Loom
24:05 Horse Collar
24:12 Double-Bit Axe
28:09 Bow Saw
27:55 Gold Mining
44:16 Imperial Age
41:45 Pikeman
42:26 Squires
42:32 Scale Mail Armor
42:42 Forging
roLynxLynx
10:38 Feudal Age
17:19 Castle Age
18:44 Double-Bit Axe
20:07 Loom
20:57 Wheelbarrow
26:18 Imperial Age
27:23 Hand Cart
27:26 Husbandry
36:26 Conscription
36:22 Forging
36:17 Scale Barding Armor
36:05 Fletching
36:50 Town Watch
37:54 Masonry
38:09 Bow Saw
38:02 Gold Mining
38:03 Stone Mining
40:52 Caravan
41:53 Bodkin Arrow
42:34 Iron Casting
42:19 Chain Barding Armor
42:28 Ballistics
42:39 Architecture
43:03 Architecture
42:08 Cavalier
43:03 Murder Holes
43:40 Elite Skirmisher
45:49 Padded Archer Armor
46:27 Plate Barding Armor
50:13 Blast Furnace
49:13 Padded Archer Armor
49:13 Scale Mail Armor
48:56 Treadmill Crane
50:10 Squires
49:56 Arson
50:27 Squires
50:12 Arson
50:15 Pikeman
54:50 Light Cavalry
56:44 Halberdier
59:27 Chain Mail Armor
59:13 Padded Archer Armor
59:54 Paladin
61:39 Plate Mail Armor
fer_es_merengue9
11:18 Feudal Age
11:59 Double-Bit Axe
14:35 Loom
17:50 Castle Age
15:39 Horse Collar
16:34 Gold Mining
16:36 Stone Mining
18:55 Bow Saw
26:44 Heavy Plow
28:50 Nomads
29:28 Bloodlines
29:18 Husbandry
29:27 Town Watch
32:17 Imperial Age
30:22 Fletching
30:32 Padded Archer Armor
32:33 Wheelbarrow
31:43 Town Watch
32:18 Bodkin Arrow
32:38 Leather Archer Armor
32:34 Forging
32:30 Scale Barding Armor
33:42 Conscription
32:52 Elite Mangudai
34:24 Gold Shaft Mining
33:35 Capped Ram
33:40 Light Cavalry
35:32 Hand Cart
35:29 Town Patrol
36:14 Iron Casting
36:38 Ballistics
36:15 Murder Holes
36:33 Fortified Wall
36:33 Masonry
36:29 Siege Engineers
37:43 Bracer
38:29 Parthian Tactics
41:26 Blast Furnace
40:47 Chain Barding Armor
40:12 Hussar
41:35 Drill
41:18 Siege Ram
43:19 Chemistry
48:18 Drill
sonsehzadee
9:45 Feudal Age
13:09 Horse Collar
13:17 Double-Bit Axe
19:22 Castle Age
17:29 Stone Mining
19:30 Gold Mining
22:16 Wheelbarrow
22:37 Heavy Plow
25:32 Hand Cart
25:13 Loom
28:07 Gold Shaft Mining
29:01 Husbandry
29:12 Bloodlines
36:06 Imperial Age
33:55 Bow Saw
35:09 Kshatriyas
36:39 Caravan
36:44 Onager
37:58 Heavy Camel Rider
39:03 Conscription
39:26 Sappers
40:32 Hoardings
42:32 Crop Rotation
42:41 Stone Shaft Mining
41:43 Elite Chakram Thrower
45:36 Chemistry
58:23 Light Cavalry
杰哥真棒
11:22 Feudal Age
9:41 Loom
15:33 Castle Age
16:20 Forging
21:05 Horse Collar
21:59 Scale Mail Armor
24:10 Chain Mail Armor
25:01 Iron Casting
30:11 Pikeman
36:32 Imperial Age
34:34 Double-Bit Axe
35:02 Heavy Plow
37:04 Wheelbarrow
37:38 Bow Saw
39:41 Halberdier
40:09 Gambesons
44:23 Plate Mail Armor
44:54 Blast Furnace
47:13 Squires
51:13 Hand Cart
52:20 Gold Mining
52:20 Stone Mining
52:29 Arson
54:40 Capped Ram
56:11 Siege Ram
温州谷志豪
10:52 Feudal Age
11:52 Double-Bit Axe
17:26 Castle Age
18:37 Bow Saw
20:38 Wheelbarrow
23:09 Hand Cart
23:14 Gold Mining
23:31 Treadmill Crane
29:50 Imperial Age
27:09 Loom
28:17 Town Watch
28:49 Forging
28:45 Scale Barding Armor
28:57 Husbandry
31:24 Iron Casting
31:09 Chain Barding Armor
31:09 Cavalier
32:05 Town Patrol
33:12 Blast Furnace
32:48 Plate Barding Armor
32:16 Caravan
32:27 Siege Engineers
32:48 Conscription
32:30 Chivalry
33:03 Paladin
36:19 Gold Shaft Mining
35:34 Stone Mining
35:20 Elite Throwing Axeman
38:11 Scale Mail Armor
39:48 Ballistics
40:32 Chemistry
48:39 Arson
48:55 Squires
48:15 Pikeman
49:16 Chain Mail Armor
51:43 Halberdier
ksffvbh
0:37 Loom
13:45 Feudal Age
14:16 Feudal Age
16:45 Wheelbarrow
15:57 Double-Bit Axe
23:43 Fletching
23:53 Padded Archer Armor
23:55 Horse Collar
27:54 Castle Age
30:59 Elite Skirmisher
33:03 Caravan
33:52 Hand Cart
34:56 Bow Saw
34:49 Heavy Plow
35:47 Gold Mining
35:48 Stone Mining
37:14 Gold Shaft Mining
37:20 Gold Shaft Mining
37:33 Stone Shaft Mining
38:23 Bodkin Arrow
38:44 Leather Archer Armor
38:44 Pikeman
39:25 Squires
39:10 Arson
42:02 Forging
41:52 Scale Mail Armor
43:58 Iron Casting
43:38 Chain Mail Armor
44:01 Ballistics
48:20 Imperial Age
46:34 Kamandaran
49:00 Conscription
48:01 Elite War Elephant
50:59 Crop Rotation
51:31 Two-Man Saw
50:40 Crossbowman
51:25 Thumb Ring
51:17 Halberdier
52:16 Scale Barding Armor
56:14 Blast Furnace
55:35 Chain Barding Armor
55:47 Plate Mail Armor
56:18 Husbandry
56:28 Bloodlines
57:09 Citadels
57:57 Ring Archer Armor
60:36 Plate Barding Armor
61:33 Chemistry
julian_venom
0:28 Loom
11:28 Feudal Age
12:47 Wheelbarrow
13:23 Wheelbarrow
13:04 Double-Bit Axe
13:25 Horse Collar
23:50 Castle Age
24:46 Hand Cart
36:48 Caravan
56:00 Gold Mining
56:01 Stone Mining
58:13 Gold Shaft Mining
61:04 Imperial Age
62:02 Bow Saw
63:00 Ballistics
62:44 Double Crossbow
Connection lost

Rejoining the realm…

Still unreachable

The connection could not be restored.

Session expired

The server has moved on; the page needs a fresh start.